 Dungeon Crawl Stone Soup version 0.23.0 (webtiles) character file.

Game seed: 14902568617428763391

299 Borgoz the Sneak (level 6, 0/37 HPs)
             Began as a Kobold Assassin on Feb 16, 2019.
             Slain by a centaur (8 damage)
             ... on level 5 of the Dungeon.
             The game lasted 00:08:43 (4871 turns).

Borgoz the Sneak (Kobold Assassin)                  Turns: 4871, Time: 00:08:44

Health: 0/37       AC:  4    Str: 11    XL:     6   Next: 63%
Magic:  6/6        EV: 16    Int: 12    God:
Gold:   178        SH:  0    Dex: 18    Spells: 5/5 levels left

rFire    . . .     SeeInvis .   a - +3 dagger
rCold    . . .     Gourm    .   (shield restricted)
rNeg     . . .     Faith    .   c - +0 robe
rPois    +         Spirit   .   (no helmet)
rElec    .         Reflect  .   d - +1 cloak
rCorr    .         Harm     .   (no gloves)
MR       .....                  (no boots)
Stlth    ++++......             (no amulet)
HPRegen  0.12/turn              o - ring of poison resistance
MPRegen  0.10/turn              (no ring)

@: no status effects
A: small, carnivore, sense surroundings 1, poison resistance, strong 1,
evolution 1
a: no special abilities


You were on level 5 of the Dungeon.
You were very full.

You visited 1 branch of the dungeon, and saw 5 of its levels.

You collected 178 gold pieces.

Inventory:

Hand Weapons
 a - a +3 dagger (weapon)
 b - a +0 blowgun
Missiles
 e - 38 poisoned needles
 f - 2 curare-tipped needles
 l - 4 tomahawks (quivered)
Armour
 c - a +0 robe (worn)
 d - a +1 cloak (worn)
 n - a +2 pair of boots
Jewellery
 o - a ring of poison resistance (left hand)
Wands
 i - a wand of iceblast (18)
 p - a wand of acid (11)
 r - a wand of enslavement (6)
Scrolls
 h - 3 scrolls of amnesia
 j - a scroll of remove curse {unknown}
 k - 2 scrolls of fear
 u - 5 scrolls of teleportation
Potions
 m - a potion of magic
Comestibles
 g - 7 rations


   Skills:
 + Level 3.4 Fighting
 * Level 5.4 Short Blades
 - Level 2.1 Throwing
 + Level 3.2 Dodging
 * Level 7.4 Stealth


You had 5 spell levels left.
You didn't know any spells.
Your spell library contained the following spells:

 Spells                   Type           Power        Failure   Level  Hunger
 Animate Skeleton         Necr           N/A          32%         1    ##.....
 Apportation              Tloc           #.....       32%         1    ##.....
 Confusing Touch          Hex            #.....       32%         1    ##.....
 Summon Small Mammal      Summ           #...         32%         1    ##.....


Dungeon Overview and Level Annotations

Branches:
Dungeon (5/15)
 Temple: D:4-7

Altars:
Ashenzari
Elyvilon
Hepliaklqana
Qazlal
Sif Muna
Trog


Innate Abilities, Weirdness & Mutations

You are small and have problems with some larger weapons.
You are carnivorous and can eat meat at any time.
You passively map a small area around you.
Your system is resistant to poisons. (rPois)
Your muscles are strong. (Str +2)
You evolve.


Message History

You closely miss the centaur.
The centaur is lightly wounded.
The centaur closely misses you.
You hit the centaur.
The centaur is moderately wounded.
The centaur hits you but does no damage.
You hit the centaur.
The centaur is heavily wounded.
The centaur hits you.
* * * LOW HITPOINT WARNING * * *
You hit the centaur.
The centaur is heavily wounded.
The centaur completely misses you.
You hit the centaur.
The centaur is severely wounded.
The centaur closely misses you.
You hit the centaur.
The centaur is severely wounded.
The centaur hits you!
You die...

#.#.#.#######** ***
#.##. #...#.# #....
###.#.# ####. #.#.# #.
#.#.# #. * #.#.#
###########. , ..*.#
#........... *
#############.##########
......c@(((..(#
#############.# ###


You could see a centaur.

Vanquished Creatures
  A bullfrog zombie (D:5)
  A hound (D:4)
  2 orc wizards
  A gnoll (D:1)
  8 adders
  A shadow imp (D:5)
  A worm (D:2)
  4 dart slugs
  10 orcs
  6 giant cockroaches
  6 hobgoblins
  6 quokkas
  6 bats
  3 frilled lizards
  4 goblins
  A jackal skeleton (D:4)
  8 kobolds
  2 leopard gecko skeletons
  12 rats
83 creatures vanquished.

Notes
Turn   | Place    | Note
-------+----------+-------------------------------------------
     0 | D:1      | Borgoz the Kobold Assassin began the quest for the Orb.
     0 | D:1      | Reached XP level 1. HP: 12/12 MP: 1/1
   131 | D:1      | Reached XP level 2. HP: 17/17 MP: 2/2
   639 | D:1      | Reached XP level 3. HP: 22/22 MP: 3/3
  1204 | D:2      | Found a shattered altar of Ashenzari.
  1308 | D:2      | Reached skill level 6 in Stealth
  1308 | D:2      | Reached XP level 4. HP: 27/27 MP: 4/4
  1556 | D:2      | Found a stormy altar of Qazlal.
  1622 | D:2      | Found a bloodstained altar of Trog.
  2405 | D:3      | Reached XP level 5. HP: 26/32 MP: 5/5
  3518 | D:3      | Found a deep blue altar of Sif Muna.
  3904 | D:4      | Reached skill level 5 in Short Blades
  3904 | D:4      | Reached skill level 7 in Stealth
  3904 | D:4      | Reached XP level 6. HP: 36/37 MP: 6/6
  4014 | D:4      | Found a white marble altar of Elyvilon.
  4130 | D:4      | Gained mutation: Your muscles are strong. (Str +2) [potion
                  | of mutation]
  4130 | D:4      | Gained mutation: You passively map a small area around you.
                  | [potion of mutation]
  4130 | D:4      | Gained mutation: Your system is resistant to poisons.
                  | (rPois) [potion of mutation]
  4130 | D:4      | Gained mutation: You evolve. [potion of mutation]
  4509 | D:5      | Entered Level 5 of the Dungeon
  4511 | D:5      | Found a hazy altar of Hepliaklqana.
  4871 | D:5      | Slain by a centaur

Skill      XL: |  1  2  3  4  5 |
---------------+----------------+-----
Short Blades   | 3 4 5 |  5.4
Dodging        | 2 3 |  3.2
Stealth        | 6 7 |  7.4
Fighting       | 3 |  3.4
Throwing       | |  2.1

Action                   |  1- 3 |  4- 6 || total
-------------------------+-------+-------++-------
Melee: Dagger            |    78 |   207 ||   285
 Fire: Blowgun           |     3 |    22 ||    25
Evoke: Wand              |       |     1 ||     1
  Use: Scroll            |       |     7 ||     7
       Potion            |       |    10 ||    10
 Stab: Sleeping          |     8 |    19 ||    27
  Eat: Chunk             |    10 |    10 ||    20
Armor: Robe              |    23 |    14 ||    37
       Skin              |       |    14 ||    14
Dodge: Dodged            |    66 |    95 ||   161
